 Dungeon Crawl Stone Soup version 0.29.1-2-gbd0b4ee654 (webtiles) character file.

Game seed: 13673701160473132429

203 cdecastro the Trooper (level 5, -2/41 (44) HPs)
             Began as a Demonspawn Gladiator on Nov 30, 2022.
             Succumbed to a scorpion's poison
             ... on level 4 of the Dungeon.
             The game lasted 00:03:37 (3058 turns).

cdecastro the Trooper (Demonspawn Gladiator)        Turns: 3058, Time: 00:03:37

HP:   -2/41 (44)    AC:  4    Str: 14    XL:     5   Next: 51%
MP:   5/5           EV: 12    Int: 11    God:
Gold: 242           SH:  0    Dex: 15    Spells: 4/4 levels left

rFire   . . .      SeeInvis .   o - +0 dagger (elec)
rCold   . . .      Faith    .   (no shield)
rNeg    . . .      Spirit   .   b - +0 leather armour
rPois   .          Reflect  .   c - +0 helmet
rElec   .          Harm     .   (no cloak)
rCorr   .          Rampage  .   (no gloves)
Will    .....                   (no boots)
Stlth   +.........              (no amulet)
HPRegen 0.13/turn               (no ring)
MPRegen 0.18/turn               (no ring)

@: lethally poisoned (-2 -> -21), drained
A: claws 1, ignite blood 1, magic regeneration
a: no special abilities


You were on level 4 of the Dungeon.
You visited 1 branch of the dungeon, and saw 4 of its levels.

You collected 242 gold pieces.

Inventory:

Hand Weapons
 a - a +0 flail
 o - a +0 dagger of electrocution (weapon)
Missiles
 d - 4 throwing nets (quivered)
 e - a javelin
 i - 6 curare-tipped darts
 n - 4 poisoned darts
Armour
 b - a +0 leather armour (worn)
 c - a +0 helmet (worn)
 t - a +2 pair of boots
Wands
 s - a wand of flame (19)
 v - a wand of paralysis (3)
Scrolls
 g - 2 scrolls of identify {unknown}
 j - 2 scrolls of acquirement {unknown}
 k - a scroll of noise {unknown}
 p - a scroll of brand weapon {unknown}
 q - a scroll of blinking {unknown}
 r - a scroll of enchant armour {unknown}
 u - a scroll of fear {unknown}
Potions
 f - 2 potions of degeneration {unknown}
 h - 4 potions of curing {unknown}
 l - 5 potions of heal wounds {unknown}
 m - a potion of might {unknown}


   Skills:
 - Level 5.0 Fighting
 - Level 2.6 Maces & Flails
 - Level 1.7 Throwing
 - Level 2.6 Dodging
 + Level 2.5 Unarmed Combat


You had 4 spell levels left.
You didn't know any spells.
Your spell library contained the following spells:

 Spells                   Type           Power      Damage    Failure   Level
 Confusing Touch          Hex            0%         N/A       80%         3
 Frozen Ramparts          Ice            0%         1d1       80%         3
 Tukima's Dance           Hex            0%         N/A       80%         3
 Anguish                  Hex/Necr       0%         N/A       99%         4


Dungeon Overview and Level Annotations

Branches:
Dungeon (4/15)
 Temple: D:4-7

Altars:

Annotations:
D:3 Sigmund


Innate Abilities, Weirdness & Mutations

You have sharp fingernails.
Your demonic aura sometimes causes spilled blood to erupt in flames.
You regenerate magic rapidly.


Message History

You hit the orc.
The orc is moderately wounded.
The orc hits you with a +0 mace of draining.
You feel drained.
You hit the orc.
The orc is severely wounded.
The orc misses you.
You hit the orc but do no damage. Lightning courses through the orc!!
You kill the orc!
You hit the scorpion but do no damage. The scorpion misses you.
You barely miss the scorpion. The scorpion completely misses you.
The orc wizard gestures wildly while chanting.
The orc wizard flickers and vanishes!
Deactivating autopickup; reactivate with Ctrl-A.
You hit the scorpion.
The scorpion is lightly wounded.
The scorpion stings you.
You are poisoned.
The scorpion poisons you!
You hit the scorpion.
The scorpion is moderately wounded.
You feel very sick. The scorpion misses you. The scorpion stings you.
* * * LOW HITPOINT WARNING * * *
You hit the scorpion but do no damage.
The scorpion is moderately wounded.
You feel sick. The scorpion stings you.
* * * LOW HITPOINT WARNING * * *
You are lethally poisoned!
The scorpion poisons you!
You barely miss the scorpion.
The scorpion is moderately wounded.
* * * LOW HITPOINT WARNING * * *
You feel very sick. The scorpion stings you.
* * * LOW HITPOINT WARNING * * *
Unknown command.
You hit the scorpion but do no damage.
The scorpion is moderately wounded.
You die...

....... #.# ######
#.#.. #. #.#.#
.#####. #o#.# .......
#.#.# .###### #o#.# #
#s#.# # ## #@#.##.#
#. #....#.# #<
###..#....# ###.
#...##...##### #...
#.###......... #.#.
#.###'##+##+### #.#.
#.#.....#.....####.#.
#.#.....#.....#......
#.'##+##+##'##'......


You could see a scorpion and 2 orcs.

Vanquished Creatures
  A scorpion (D:4)
  2 howler monkeys
  A worm (D:2)
  3 dart slugs
  3 orcs (D:4)
  3 ball pythons
  An endoplasm (D:1)
  2 giant cockroaches
  3 goblins (D:1)
  9 hobgoblins
  6 jackals
  7 kobolds
  2 quokkas
  5 bats
  3 frilled lizards (D:2)
  3 rats
54 creatures vanquished.

Notes
Turn   | Place    | Note
-------+----------+-------------------------------------------
     0 | D:1      | cdecastro the Demonspawn Gladiator began the quest for the
                  | Orb.
     0 | D:1      | Reached XP level 1. HP: 16/16 MP: 1/1
   350 | D:1      | Gained mutation: You have sharp fingernails. [demonic
                  | ancestry]
   350 | D:1      | Reached XP level 2. HP: 23/23 MP: 2/2
   380 | D:1      | Reached skill level 3 in Fighting
   609 | D:1      | Gained mutation: Your demonic aura sometimes causes spilled
                  | blood to erupt in flames. [demonic ancestry]
   609 | D:1      | Reached XP level 3. HP: 23/29 MP: 3/3
  1322 | D:2      | Got Orof's Parchment of Ensorcelling and the Blizzard
  1438 | D:2      | Found a faded altar of an unknown god.
  1723 | D:2      | Reached skill level 4 in Fighting
  2385 | D:3      | Reached XP level 4. HP: 26/38 MP: 4/4
  2420 | D:3      | Noticed Sigmund
  2444 | D:4      | Reached skill level 5 in Fighting
  2444 | D:4      | Reached skill level 1 in Unarmed Combat
  2448 | D:4      | Gained mutation: You regenerate magic rapidly. [demonic
                  | ancestry]
  2448 | D:4      | Reached XP level 5. HP: 25/44 MP: 5/5
  3057 | D:4      | HP: 2/41 [scorpion (5)]
  3058 | D:4      | Succumbed to a scorpion's poison

Illustrated notes

Levels and vault maps discovered:
D:1:      saegor_arrival_simple_b, layout_basic
D:2:      layout_basic, hellmonk_ecumenical_altar_crossroads
D:3:      layout_rooms, mainiacjoe_overflow_divided_tiny, ebering_ghost_sewer_d,
          nrook_campfire, uniq_sigmund, uniq_ijyb
D:4:      layout_loops_ring, mainiacjoe_overflow_24_doors, minitemple

Skill      XL: |  1  2  3  4  5 |
---------------+----------------+-----
Fighting       | 3 4 5 |  5.0
Unarmed Combat | 1 2 |  2.5
Maces & Flails | |  2.6
Throwing       | |  1.7
Dodging        | |  2.6

Action                   |  1- 3 |  4- 6 || total
-------------------------+-------+-------++-------
Melee: Flail             |    91 |       ||    91
       Punch             |     1 |     1 ||     2
       Dagger            |    24 |    51 ||    75
 Stab: Sleeping          |       |     1 ||     1
Armor: Leather armour    |    45 |     9 ||    54
Dodge: Dodged            |   101 |    29 ||   130
